 Dungeon Crawl Stone Soup version 0.22-a0-460-g49b1da7 (webtiles) character file.

105800 Azzok the Crack Shot (level 16, -7/171 HPs)
             Began as a Gargoyle Berserker on May 25, 2018.
             Was the Champion of Trog.
             Mangled by a tentacle (10 damage)
             ... attached to a kraken
             ... on level 1 of the Shoals on June 9, 2018.
             The game lasted 01:01:28 (25390 turns).

Azzok the Crack Shot (Gargoyle Berserker)          Turns: 25390, Time: 01:01:29

Health: -7/171     AC: 35    Str: 32    XL:     16   Next: 42%
Magic:  16/16      EV:  9    Int: 19    God:    Trog [******]
Gold:   1627       SH:  0    Dex: 12    Spells: 15/15 levels left

rFire    + . .     SeeInvis .   b - +11 glaive of Sir Ter {speed, +Fly Int+2 Stlth+}
rCold    . . .     Gourm    .   (shield currently unavailable)
rNeg     + . .     Faith    +   I - +8 chain mail of the Morning {Int+5 Dex+3}
rPois    ∞         Spirit   .   D - +0 helmet {Int+3}
rElec    +         Reflect  .   P - +2 cloak
rCorr    .         Harm     .   n - +0 pair of gloves
MR       ++...                  q - +0 pair of boots
Stlth    ..........             S - amulet of faith
HPRegen  0.38/turn              s - ring of protection from magic
MPRegen  0.15/turn              y - ring of protection from fire

@: berserking, flying, very quick
A: big wings, negative energy resistance 1, electricity resistance, unbreathing,
petrification resistance, rot immunity, AC +12
a: Stop Flying, Berserk, Trog's Hand, Brothers in Arms, Renounce Religion


You were on level 1 of the Shoals.
You worshipped Trog.
Trog was exalted by your worship.
You were very hungry.

You visited 4 branches of the dungeon, and saw 24 of its levels.
You also visited: Bailey and Ice Cave.

You collected 2831 gold pieces.
You spent 1204 gold pieces at shops.

Inventory:

Hand Weapons
 a - a +3 longbow of freezing
 b - the +11 glaive of Sir Ter (weapon) {speed, +Fly Int+2 Stlth+}
   (You found it on level 11 of the Dungeon)

   Attacks with this weapon are significantly faster.
   It affects your intelligence (+2).
   It lets you fly.
   It makes you more stealthy.
 J - a +2 longbow of velocity
Missiles
 d - 317 arrows
Armour
 n - a +0 pair of gloves (worn)
 q - a +0 pair of boots (worn)
 D - a +0 helmet of intelligence (worn)
 I - the +8 chain mail of the Morning (worn) {Int+5 Dex+3}
   (You found it on level 6 of the Lair of Beasts)

   It affects your intelligence (+5).
   It affects your dexterity (+3).
 P - a +2 cloak (worn)
Jewellery
 s - a ring of protection from magic (left hand)
 y - a ring of protection from fire (right hand)
 A - an uncursed ring of ice
 C - an uncursed ring of fire
 H - an uncursed amulet of regeneration
 S - an amulet of faith (around neck)
Wands
 L - a wand of scattershot (3)
 O - a wand of iceblast (8)
Scrolls
 e - 5 scrolls of magic mapping
 f - 5 scrolls of enchant weapon
 g - 9 scrolls of teleportation
 h - 3 scrolls of fog
 o - 4 scrolls of immolation
 p - 4 scrolls of amnesia
 v - 3 scrolls of fear
 z - 5 scrolls of enchant armour
 B - 4 scrolls of blinking
 G - 11 scrolls of remove curse
 K - a scroll of silence {unknown}
 N - 3 scrolls of identify
 R - 4 scrolls of torment {unknown}
Potions
 i - 2 potions of ambrosia
 j - 7 potions of curing
 k - 2 potions of heal wounds
 l - 3 potions of brilliance
 m - 5 potions of invisibility
 r - 12 potions of flight
 t - 3 potions of agility {unknown}
 u - 3 potions of haste
 w - 2 potions of lignification {unknown}
 x - 4 potions of might
 E - a potion of mutation {unknown}
 F - a potion of cancellation {unknown}
 Q - a potion of degeneration {unknown}
Comestibles
 c - 50 rations
 M - 4 chunks of flesh


   Skills:
 - Level 18.0 Fighting
   Level 4.2 Maces & Flails
 + Level 21.0 Bows
 - Level 2.5 Armour
 - Level 1.9 Dodging


You had 15 spell levels left.
You didn't know any spells.
Your spell library contained the following spells:

 Spells                   Type           Power        Failure   Level  Hunger
 Bolt of Cold             Conj/Ice       #.........   100%        6    #######
 Freezing Cloud           Conj/Ice/Air   #.........   100%        6    #######
 Ozocubu's Refrigeration  Ice            #.........   100%        6    #######
 Statue Form              Tmut/Erth      #........    100%        6    #######
 Ice Form                 Ice/Tmut       #.......     100%        4    #####..
 Passwall                 Tmut/Erth      #.......     82%         2    ###....
 Metabolic Englaciation   Hex/Ice        #.........   100%        5    ######.
 Simulacrum               Ice/Necr       #.........   100%        6    #######
 Excruciating Wounds      Chrm/Necr      #.........   100%        5    ######.
 Song of Slaying          Chrm           #.......     82%         2    ###....


Dungeon Overview and Level Annotations

Branches:
Dungeon (15/15)            Temple (0/1) D:5            Lair (6/6) D:8
 Shoals (1/4) Lair:2       Spider (0/4) Lair:3        Slime (0/5) Lair:5
    Orc (2/2) D:12            Elf (0/3) Orc:2        Vaults (0/5) D:14
 Depths (0/5) D:15

Altars:
Ashenzari
Kikubaaqudgha
Okawaru
Qazlal
Sif Muna
Uskayaw
Vehumet
Xom
Zin
The Shining One
Beogh

Shops:
D:8 (   Orc:1 [   Orc:2 =*[(

Annotations:
D:6 1 runed door
Lair:1 exclusion: 4 oklob plants


Innate Abilities, Weirdness & Mutations

You are resistant to torment.
Your stone body is resilient. (AC +12)
You are immune to poison.
Your large and strong wings let you fly indefinitely.
You resist negative energy. (rN+)
You are resistant to electric shocks. (rElec)
You can survive without breathing.
You are immune to petrification.
You are immune to rotting.


Message History

You kill the tentacle!
The tentacle slaps you but does no damage.
The tentacle barely misses you.
You open the tentacle like a pillowcase!!!
The tentacle is almost dead.
The tentacle slaps you!
* * * LOW HITPOINT WARNING * * *
The tentacle slaps you.
* * * LOW HITPOINT WARNING * * *
You barely miss the tentacle.
The tentacle is almost dead.
The tentacle slaps you!
* * * LOW HITPOINT WARNING * * *
The tentacle closely misses you.
The tentacle slaps you but does no damage.
You slice the tentacle!!
You feel the power of Trog in you as your rage grows.
You kill the tentacle!
The tentacle slaps you!
You die...

▒·≈≈≈≈≈···≈≈≈≈≈≈≈≈≈≈≈≈≈≈≈
··≈≈≈≈····≈X≈≈≈≈≈≈≈≈≈≈≈≈≈
··≈≈≈···▒▒·≈≈≈≈≈≈≈≈≈≈≈≈≈≈
≈≈≈≈≈≈··▒▒·≈≈≈≈≈≈≈≈≈≈≈≈≈≈
P·≈≈≈≈····≈≈≈≈≈≈≈≈≈≈≈≈≈≈≈
P···≈≈···/·≈≈≈≈≈≈≈≈≈≈≈≈≈≈
▒····≈≈·<··≈≈≈≈≈≈≈≈≈≈≈≈≈≈
▒·▒▒··≈≈≈w··▒·≈≈≈≈≈≈····≈
▒··≈≈@··▒▒▒··≈≈··▒▒▒(≈
▒··≈≈≈··▒▒▒····≈·▒ ▒··
···≈≈≈≈≈≈······≈≈≈·▒▒▒··
··≈≈≈≈≈·≈≈≈≈···≈≈≈≈·)····
·≈···≈···≈≈≈≈≈≈≈≈≈≈≈≈····
·?·▒·≈≈··≈≈≈≈≈≈≈≈≈≈≈≈≈·▒▒
·····≈≈≈·≈≈≈≈≈·≈≈≈≈≈≈··▒
·≈·≈≈≈≈≈≈≈≈≈≈≈≈≈≈≈≈≈·▒
≈≈≈≈≈≈≈≈≈≈≈≈≈≈≈·▒▒


You could see a kraken and a tentacle.

Vanquished Creatures
  Rupert (Lair:5)
  An orc warlord (Orc:2)
  A stone giant (Orc:2)
  A white draconian (IceCv)
  13 hydras
  Fannar (Lair:3)
  An ice dragon (Lair:2)
  2 merfolk avatars (Shoals:1)
  2 dancing weapons (D:14)
  6 death yaks (Lair:3)
  5 two-headed ogres
  Urug (Lair:3)
  5 orc high priests
  13 slime creatures
  Sonja (D:12)
  A wizard (D:14)
  3 unseen horrors
  3 sea snakes (Shoals:1)
  4 orc knights
  A salamander (D:15)
  A deep elf mage (D:12)
  3 fauns (Shoals:1)
  A wolf spider (D:15)
  A cyclops (D:12)
  4 orc sorcerers (Orc:2)
  A manticore (D:11)
  2 merfolk sirens (Shoals:1)
  An ice statue (IceCv)
  6 black mambas
  A torpor snail (Lair:5)
  Joseph (D:8)
  10 elephants
  A water nymph (shapeshifter) (D:15)
  9 spiny frogs
  4 gargoyles
  A water nymph (Shoals:1)
  A rime drake (IceCv)
  An efreet (D:15)
  10 komodo dragons
  8 trolls
  24 polar bears
  A merfolk (Shoals:1)
  A harpy skeleton (D:15)
  6 hornets
  15 blink frogs
  Grinder (D:3)
  A wind drake (Shoals:1)
  10 hippogriffs
  3 dream sheep
  A meliai zombie (D:14)
  A shadow (D:13)
  2 snapping turtles (Shoals:1)
  12 spriggans (Lair:6)
  2 wyverns
  38 yaks
  4 vampires
  Eustachio (D:5)
  4 hungry ghosts
  5 basilisks
  5 vampire mosquitoes
  Edmund (D:5)
  2 wargs (D:8)
  The ghost of CapnJeff the Skirmisher, an amateur GrMo (D:3)
  An acid dragon (D:12)
  A soldier ant (D:9)
  11 porcupines
  20 water moccasins
  2 black bears (Lair:6)
  45 orc warriors
  An ice beast (D:9)
  3 sky beasts
  16 ogres
  53 wolves
  An eye of draining (D:15)
  6 phantoms
  5 boggarts (Lair:6)
  6 centaurs
  17 crocodiles
  2 big kobolds
  2 wyvern zombies
  18 bullfrogs
  6 scorpions
  A water moccasin skeleton (D:6)
  13 killer bees
  5 howler monkeys
  9 wights (D:14)
  10 crimson imps
  6 centaur zombies
  4 bullfrog zombies
  4 jellies
  2 bullfrog skeletons
  5 centaur skeletons
  2 hounds
  30 orc priests
  37 orc wizards
  Crazy Yiuf (D:6)
  6 iguanas
  13 worker ants
  5 hell rats (Lair:6)
  6 ogre zombies (D:12)
  3 hound skeletons
  A howler monkey zombie (D:5)
  2 worker ant zombies
  2 howler monkey skeletons
  18 adders
  4 gnolls
  4 shadow imps
  2 oozes
  An adder zombie (D:9)
  3 adder skeletons
  A worm (D:6)
  A dart slug (D:4)
  5 leopard geckos
  130 orcs
  2 ball pythons (D:1)
  8 bats
  4 giant cockroaches
  11 goblins
  9 hobgoblins
  10 jackals
  27 kobolds
  5 quokkas
  5 frilled lizards
  4 hobgoblin zombies (D:12)
  A jackal skeleton (D:5)
  5 orc skeletons (D:12)
  10 orc zombies (D:12)
  7 rats
  3 fungi (Lair:5)
  2 plants
  2 tentacles (Shoals:1)
941 creatures vanquished.

Vanquished Creatures (collateral kills)
  A rime drake (Lair:5)
  A blink frog (Lair:5)
  A bullfrog (Lair:5)
3 creatures vanquished.

Vanquished Creatures (others)
  A bullfrog (Lair:5)
  16 fungi
  8 plants
  2 tentacles (Shoals:1)
27 creatures vanquished.

Grand Total: 971 creatures vanquished

Notes
Turn   | Place    | Note
-------+----------+-------------------------------------------
     0 | D:1      | Azzok the Gargoyle Berserker began the quest for the Orb.
     0 | D:1      | Reached XP level 1. HP: 14/14 MP: 1/1
    62 | D:1      | Reached XP level 2. HP: 17/19 MP: 2/2
   798 | D:1      | Reached XP level 3. HP: 20/24 MP: 3/3
  1221 | D:2      | Reached ** piety under Trog
  1573 | D:3      | Reached XP level 4. HP: 30/30 MP: 4/4
  1630 | D:3      | Noticed CapnJeff's ghost (amateur GrMo)
  1650 | D:3      | Killed CapnJeff's ghost
  1650 | D:3      | Reached XP level 5. HP: 36/36 MP: 5/5
  1826 | D:3      | Found a faded altar of an unknown god.
  1909 | D:3      | Reached XP level 6. HP: 42/42 MP: 6/6
  1985 | D:3      | Noticed Grinder
  2000 | D:3      | Paralysed by Grinder for 7 turns
  2010 | D:3      | Killed Grinder
  2010 | D:3      | Reached *** piety under Trog
  2293 | D:4      | Reached XP level 7. HP: 35/50 MP: 7/7
  2465 | D:4      | Found an iron altar of Okawaru.
  3215 | D:4      | Found a glowing golden altar of the Shining One.
  3241 | D:4      | Found a glowing silver altar of Zin.
  3275 | D:4      | Found an ancient bone altar of Kikubaaqudgha.
  3301 | D:5      | Entered Level 5 of the Dungeon
  3377 | D:5      | Found a stormy altar of Qazlal.
  3440 | D:5      | Reached skill level 10 in Fighting
  3440 | D:5      | Reached XP level 8. HP: 56/57 MP: 8/8
  3441 | D:5      | Noticed Edmund
  3441 | D:5      | Noticed Eustachio
  3466 | D:5      | Killed Edmund
  3544 | D:5      | Found a staircase to the Ecumenical Temple.
  3609 | D:5      | Found a shimmering altar of Xom.
  4038 | D:5      | Killed Eustachio
  4511 | D:6      | Found a runed door.
  4512 | D:6      | Noticed Crazy Yiuf
  4513 | D:6      | Killed Crazy Yiuf
  4737 | D:6      | Reached XP level 9. HP: 62/65 MP: 9/9
  4770 | D:6      | Reached **** piety under Trog
  5023 | D:6      | Noticed a two-headed ogre
  5045 | D:6      | Killed a two-headed ogre
  5531 | D:6      | Found a deep blue altar of Sif Muna.
  5739 | D:7      | Found a radiant altar of Vehumet.
  6077 | D:7      | Reached XP level 10. HP: 66/76 MP: 10/10
  6641 | D:8      | Reached skill level 15 in Fighting
  6708 | D:8      | Found a staircase to the Lair.
  6727 | D:8      | Found Honibat's Antique Weapon Boutique.
  6828 | D:8      | Reached ***** piety under Trog
  6858 | D:8      | Noticed Joseph
  6884 | D:8      | Killed Joseph
  7891 | D:9      | Noticed a two-headed ogre
  7898 | D:9      | Killed a two-headed ogre
  8183 | D:9      | Found a flagged portal.
  8192 | Bailey   | Entered a bailey
  8198 | Bailey   | Noticed an orc knight
  8300 | Bailey   | Reached XP level 11. HP: 78/84 MP: 11/11
  8628 | Bailey   | Killed an orc knight
  9492 | D:10     | Entered Level 10 of the Dungeon
  9776 | D:10     | Got a crude scale mail
  9785 | D:10     | Identified the +5 scale mail of the Good {+Inv} (You found it on level 10 of the Dungeon)
 10462 | D:11     | Got a brightly glowing glaive
 10463 | D:11     | Identified the +11 glaive of Sir Ter {speed, +Fly Int+2 Stlth+} (You found it on level 11 of the Dungeon)
 10467 | D:11     | Reached skill level 1 in Bows
 10503 | D:11     | Reached ****** piety under Trog
 10503 | D:11     | Received a gift from Trog
 10507 | D:11     | Reached skill level 2 in Bows
 10645 | D:11     | Noticed a manticore
 10654 | D:11     | Killed a manticore
 10654 | D:11     | Reached skill level 3 in Bows
 10657 | D:11     | Reached skill level 4 in Bows
 10810 | D:11     | Paralysed by fainting for 9 turns
 10910 | D:11     | Reached skill level 5 in Bows
 11297 | Lair:1   | Entered Level 1 of the Lair of Beasts
 11308 | Lair:1   | Found a radiant altar of Vehumet.
 11317 | Lair:1   | Reached XP level 12. HP: 92/92 MP: 12/12
 11331 | Lair:1   | Reached skill level 6 in Bows
 11456 | Lair:1   | Reached skill level 7 in Bows
 11711 | Lair:1   | Reached skill level 8 in Bows
 12139 | Lair:2   | Noticed a seven-headed hydra
 12152 | Lair:2   | Killed a seven-headed hydra
 12167 | Lair:2   | Reached skill level 9 in Bows
 12513 | Lair:2   | Found a staircase to the Shoals.
 12530 | Lair:2   | Noticed a six-headed hydra
 12543 | Lair:2   | Killed a six-headed hydra
 12543 | Lair:2   | Reached skill level 10 in Bows
 12647 | Lair:2   | Noticed an ice dragon
 12673 | Lair:2   | Killed an ice dragon
 13065 | Lair:2   | Noticed a five-headed hydra
 13067 | Lair:2   | Killed a five-headed hydra
 13067 | Lair:2   | Received a gift from Trog
 13067 | Lair:2   | Reached skill level 11 in Bows
 13085 | Lair:2   | Reached XP level 13. HP: 94/97 MP: 13/13
 13362 | Lair:3   | Reached skill level 12 in Bows
 13522 | Lair:3   | Noticed Urug
 13531 | Lair:3   | Killed Urug
 13612 | Lair:3   | Reached skill level 13 in Bows
 13768 | Lair:3   | Got a crude morningstar
 13769 | Lair:3   | Identified the +1 morningstar "Giantbane" {vamp, rElec} (You found it on level 3 of the Lair of Beasts)
 13887 | Lair:3   | Noticed Fannar
 13907 | Lair:3   | Killed Fannar
 14069 | Lair:3   | Found a hole to the Spider Nest.
 14437 | Lair:4   | Reached skill level 14 in Bows
 15213 | Lair:5   | Noticed Rupert
 15218 | Lair:5   | Killed Rupert
 15218 | Lair:5   | Reached skill level 15 in Bows
 15218 | Lair:5   | Gained mutation: Your large and strong wings let you fly indefinitely. [Gargoyle growth]
 15218 | Lair:5   | Reached XP level 14. HP: 104/104 MP: 14/14
 15258 | Lair:5   | Received a gift from Trog
 15416 | Lair:5   | Found a hide-covered altar of Uskayaw.
 15596 | Lair:5   | Found a staircase to the Slime Pits.
 15980 | Lair:6   | Entered Level 6 of the Lair of Beasts
 16087 | Lair:6   | Reached skill level 16 in Bows
 16581 | Lair:6   | Got a faintly glowing flail
 16773 | Lair:6   | Received a gift from Trog
 16773 | Lair:6   | Reached skill level 17 in Bows
 17396 | Lair:6   | Identified the +5 flail of Innocence {drain, +Blink Int+4} (You found it on level 6 of the Lair of Beasts)
 17398 | Lair:6   | Got a slimy chain mail
 17399 | Lair:6   | Identified the +8 chain mail of the Morning {Int+5 Dex+3} (You found it on level 6 of the Lair of Beasts)
 18277 | D:12     | Reached XP level 15. HP: 108/108 MP: 15/15
 18281 | D:12     | Received a gift from Trog
 18295 | D:12     | Found a staircase to the Orcish Mines.
 18330 | D:12     | Received a gift from Trog
 18458 | D:12     | Noticed Sonja
 18466 | D:12     | Killed Sonja
 18507 | D:12     | Reached skill level 18 in Bows
 18756 | D:12     | You fall through a shaft!
 18758 | D:13     | Found a frozen archway.
 18759 | D:13     | Received a gift from Trog
 18793 | IceCv    | Entered an ice cave
 19316 | IceCv    | Received a gift from Trog
 19718 | IceCv    | Identified the Almanac of Boosting Clay
 19993 | D:13     | Found a shattered altar of Ashenzari.
 20098 | D:13     | Reached skill level 19 in Bows
 20720 | Orc:1    | Entered Level 1 of the Orcish Mines
 20721 | Orc:1    | Upgraded the game from 0.22-a0-458-gb446440 to 0.22-a0-460-g49b1da7
 20745 | Orc:1    | Received a gift from Trog
 20755 | Orc:1    | Found a roughly hewn altar of Beogh.
 20919 | Orc:1    | Received a gift from Trog
 21120 | Orc:2    | Entered Level 2 of the Orcish Mines
 21198 | Orc:2    | Received a gift from Trog
 21358 | Orc:1    | Found Lesat's Antique Armour Emporium.
 21595 | Orc:2    | Found a staircase to the Elven Halls.
 21643 | Orc:2    | Found a roughly hewn altar of Beogh.
 21813 | Orc:2    | Received a gift from Trog
 22320 | Orc:2    | Noticed an orc warlord
 22332 | Orc:2    | Killed an orc warlord
 22334 | Orc:2    | Reached skill level 20 in Bows
 22522 | Orc:2    | Found Etud's General Store.
 22523 | Orc:2    | Found Yleogode's Jewellery Emporium.
 22524 | Orc:2    | Found Wigedoc's Antique Armour Shoppe.
 22524 | Orc:2    | Found Cuam Kai's Antique Weapon Shoppe.
 22538 | Orc:2    | Bought 16 arrows for 32 gold pieces
 22887 | Orc:2    | Bought an uncursed amulet of faith for 600 gold pieces
 23093 | Orc:1    | Bought a glowing plate armour for 572 gold pieces
 23262 | D:14     | Reached XP level 16. HP: 114/114 MP: 16/16
 23299 | D:14     | Received a gift from Trog
 23340 | D:14     | Found a gate to the Vaults.
 23471 | D:14     | Received a gift from Trog
 23952 | D:15     | Entered Level 15 of the Dungeon
 24048 | D:15     | Found a staircase to the Depths.
 24168 | D:15     | Found an iron altar of Okawaru.
 24895 | Shoals:1 | Entered Level 1 of the Shoals
 25037 | Shoals:1 | Received a gift from Trog
 25291 | Shoals:1 | Reached skill level 21 in Bows
 25369 | Shoals:1 | Noticed a kraken
 25389 | Shoals:1 | HP: 2/171 [tentacle[a kraken] (10)]
 25390 | Shoals:1 | Mangled by a tentacle

Vault maps used:
D:1:      ncdulo_halloftheorcs, solitary_fountain, minmay_misc_feat_tower
D:2:      minmay_misc_feat_rows
D:3:      chequers_ecumenical_altar_simple_redux, uniq_grinder
D:4:      nicolae_overflow_quartered_altars, first_ration
D:5:      tgw_xom, minmay_temple_entry_statues_pillars,
          small_statue_intersection, nicolae_qazlal_general_emergency,
          uniq_eustachio, uniq_edmund
D:6:      tgw_sif, uniq_crazy_yiuf_cottage
D:7:      vehumet_altar_wand_db
D:8:      erik_lair_orcish_takeover, serial_shops, shop, uniq_joseph
D:9:      enter_bailey_2, hangedman_pestilent_swarm
D:10:     kennysheep_windowed_halls
D:12:     zombieorc1_lemuel, uniq_sonja
D:13:     basic_altar, portal_ice_cave_entry_pillars_2
D:14:     erik_vaults_1
D:15:     hangedman_depths_entry_try_elsewhere_first, okawaru_ov_weapons_minmay,
          minmay_misc_feat_roman
Lair:1:   basic_altar, serial_bayou_shore_b, serial_bayou_shore_b,
          infiniplex_staircase_pool_2, grunt_megastairs_1,
          minmay_lair_oklob_chamber
Lair:2:   dragon1_lemuel, minmay_shoals_entry_centaurs,
          hangedman_lair_generics_rect, lemuel_fruit_fields, lemuel_fruit_tree
Lair:3:   dummy_spider_entry, grunt_megastairs_3, uniq_fannar, uniq_urug
Lair:4:   patterned_corridor
Lair:5:   nicolae_slime_entry_slimehenge, basic_altar,
          cheibrodos_lair_reptile_den, uniq_rupert
Lair:6:   minmay_lair_end_enchanted_forest, guppyfry_lair_drakes
Orc:1:    serial_shops, nicolae_shop_crystal, mines2_david
Orc:2:    st_orc_congregation, minmay_orc_temple_b
Bailey:   bailey_axe_4, bailey
IceCv:    ice_cave_caverns_02

Skill      XL: |  1  2  3  4  5  6  7  8  9 10 11 12 13 14 15 16 |
---------------+-------------------------------------------------+-----
Fighting       | 4 6 8 10 12 14 16 18 | 18.0
Maces & Flails | 4 |  4.2
Bows           | 5 11 15 17 20 21 | 21.0
Armour         | |  2.5
Dodging        | |  1.9

Action                   |  1- 3 |  4- 6 |  7- 9 | 10-12 | 13-15 | 16-18 || total
-------------------------+-------+-------+-------+-------+-------+-------++-------
Melee: Mace              |   107 |    71 |       |       |       |       ||   178
       Flail             |       |    43 |   330 |   487 |       |       ||   860
       Glaive            |       |       |       |   278 |    88 |     9 ||   375
       Longbow           |       |       |       |       |       |     2 ||     2
 Fire: Longbow           |       |       |       |    56 |  1429 |   284 ||  1769
Throw: Tomahawk          |       |       |       |    16 |       |       ||    16
       Javelin           |       |       |       |     7 |       |       ||     7
Invok: Berserk           |     2 |     4 |     9 |    12 |     3 |     1 ||    31
       Trog's Hand       |       |       |     1 |       |     6 |       ||     7
       Brothers in Arms  |       |       |       |       |     1 |       ||     1
 Abil: Fly               |       |       |       |       |       |     1 ||     1
  Use: Scroll            |       |       |     8 |     3 |    15 |       ||    26
       Potion            |       |       |       |     1 |     1 |       ||     2
  Eat: Chunk             |     4 |     5 |    21 |    26 |    34 |     4 ||    94
       Ration            |       |       |       |     4 |     1 |     1 ||     6
Armor: Animal skin       |    54 |       |       |       |       |       ||    54
       Ring mail         |     3 |    69 |    43 |       |       |       ||   115
       Chain mail        |       |       |   121 |   390 |   488 |    70 ||  1069
       Plate armour      |       |       |    99 |   288 |       |       ||   387
Dodge: Dodged            |    89 |    70 |   152 |   526 |   285 |    22 ||  1144

Table legend:
 A = Spawn XP
 B = Non-spawn XP
 C = Spawn XP percentage of total XP
 D = Spawn monster count
 E = Non-spawn monster count
 F = Spawn count percentage of total count
 G = Total turns spent on level
                    A         B        C        D         E        F      G
               +---------+---------+-------+---------+---------+-------+---------
         Total |       0 |  151143 |   0.0 |       0 |     938 |   0.0 | 25390
               +---------+---------+-------+---------+---------+-------+---------
           D:1 |       0 |      41 |   0.0 |       0 |      23 |   0.0 |   959
           D:2 |       0 |      35 |   0.0 |       0 |       8 |   0.0 |   586
           D:3 |       0 |     524 |   0.0 |       0 |      35 |   0.0 |   718
           D:4 |       0 |     562 |   0.0 |       0 |      20 |   0.0 |  1038
           D:5 |       0 |     721 |   0.0 |       0 |      18 |   0.0 |   887
           D:6 |       0 |    1621 |   0.0 |       0 |      25 |   0.0 |  1459
           D:7 |       0 |    1754 |   0.0 |       0 |      41 |   0.0 |  1215
           D:8 |       0 |    2177 |   0.0 |       0 |      30 |   0.0 |   989
           D:9 |       0 |    2995 |   0.0 |       0 |      27 |   0.0 |  1131
          D:10 |       0 |    2705 |   0.0 |       0 |      32 |   0.0 |  1011
          D:11 |       0 |    3373 |   0.0 |       0 |      32 |   0.0 |   860
          D:12 |       0 |    6507 |   0.0 |       0 |      60 |   0.0 |   969
          D:13 |       0 |    8089 |   0.0 |       0 |      29 |   0.0 |   882
          D:14 |       0 |    6723 |   0.0 |       0 |      42 |   0.0 |   778
          D:15 |       0 |    7097 |   0.0 |       0 |      22 |   0.0 |   708
        Lair:1 |       0 |    4740 |   0.0 |       0 |      31 |   0.0 |   869
        Lair:2 |       0 |    9119 |   0.0 |       0 |      29 |   0.0 |  1195
        Lair:3 |       0 |   10191 |   0.0 |       0 |      25 |   0.0 |  1017
        Lair:4 |       0 |   10116 |   0.0 |       0 |      37 |   0.0 |   949
        Lair:5 |       0 |   11241 |   0.0 |       0 |      37 |   0.0 |   952
        Lair:6 |       0 |   20082 |   0.0 |       0 |      86 |   0.0 |  1695
      Shoals:1 |       0 |    8497 |   0.0 |       0 |      16 |   0.0 |   495
         Orc:1 |       0 |    2822 |   0.0 |       0 |      44 |   0.0 |   601
         Orc:2 |       0 |   15631 |   0.0 |       0 |     112 |   0.0 |  1783
        Bailey |       0 |    1819 |   0.0 |       0 |      26 |   0.0 |   690
         IceCv |       0 |   11961 |   0.0 |       0 |      51 |   0.0 |   954
               +---------+---------+-------+---------+---------+-------+---------
